 Dungeon Crawl Stone Soup version 0.30-a0-368-g86fb4627a9 (webtiles) character file.

Game seed: 4577199137462090700

713 hikkokomori the Chopper (level 8, -1/62 HPs)
             Began as a Human Berserker on Nov 20, 2022.
             Was a Believer of Trog.
             Slain by an ice beast (12 damage)
             ... on level 6 of the Dungeon.
             The game lasted 00:06:27 (4862 turns).

hikkokomori the Chopper (Human Berserker)           Turns: 4862, Time: 00:06:28

Health: -1/62      AC:  9    Str: 20    XL:     8   Next: 1%
Magic:  8/8        EV:  9    Int:  7    God:    Trog [**....]
Gold:   141        SH:  0    Dex: 13    Spells: 7/7 levels left

rFire   . . .      SeeInvis .    a - +0 hand axe
rCold   . . .      Faith    .    (no shield)
rNeg    . . .      Spirit   .    k - +0 chain mail
rPois   .          Reflect  .    (no helmet)
rElec   .          Harm     .    (no cloak)
rCorr   .          Rampage  .    (no gloves)
Will    .....                    (no boots)
Stlth   ..........               (no amulet)
HPRegen 0.30/turn                (no ring)
MPRegen 0.11/turn                (no ring)

@: no status effects
A: no striking features
a: Renounce Religion, Berserk, Trog's Hand


You were on level 6 of the Dungeon.
You worshipped Trog.
Trog was pleased with you.
You visited 1 branch of the dungeon, and saw 6 of its levels.

You collected 169 gold pieces.
You spent 28 gold pieces at shops.

Inventory:

Hand Weapons
 a - a +0 hand axe (weapon)
Armour
 b - a +0 animal skin
 k - a +0 chain mail (worn)
Magical Staves
 d - a staff of cold
Jewellery
 t - a ring of see invisible
Scrolls
 c - 2 scrolls of identify
 f - 2 scrolls of teleportation
 l - a scroll of enchant armour {unknown}
 n - 3 scrolls of fear {unknown}
 o - 2 scrolls of magic mapping {unknown}
 q - 3 scrolls of butterflies {unknown}
 s - a scroll of enchant weapon {unknown}
Potions
 e - 2 potions of flight
 g - a potion of invisibility {unknown}
 h - a potion of curing
 i - a potion of degeneration {unknown}
 m - a potion of lignification {unknown}
 p - a potion of resistance {unknown}
 r - 2 potions of haste


   Skills:
 + Level 5.0 Fighting
 + Level 5.1 Axes
 + Level 4.4 Armour
 + Level 4.4 Dodging


You had 7 spell levels left.
You didn't know any spells.
Your spell library was empty.

Dungeon Overview and Level Annotations

Branches:
Dungeon (6/15)             Temple (0/1) D:5

Altars:
Dithmenos

Shops:
D:1 *   D:3 ?


Message History

The ice beast is severely wounded.
The ice beast hits you but does no damage.
You hit the ice beast but do no damage.
The ice beast is severely wounded.
The ice beast hits you but does no damage.
You closely miss the ice beast.
The ice beast is severely wounded.
The ice beast hits you but does no damage.
You hit the ice beast but do no damage.
The ice beast is severely wounded.
The ice beast closely misses you.
You hit the ice beast but do no damage.
The ice beast is severely wounded.
The ice beast closely misses you.
You hit the ice beast but do no damage.
The ice beast is severely wounded.
The ice beast hits you but does no damage.
You closely miss the ice beast.
The ice beast is severely wounded.
The ice beast hits you. The ice beast freezes you!
You hit the ice beast.
The ice beast is severely wounded.
The ice beast hits you but does no damage.
You barely miss the ice beast.
The ice beast is severely wounded.
The ice beast hits you. The ice beast freezes you!
You hit the ice beast but do no damage.
The ice beast is severely wounded.
The ice beast closely misses you.
You hit the ice beast.
The ice beast is almost dead.
The ice beast hits you but does no damage.
The ice beast hits you. The ice beast freezes you!
* * * LOW HITPOINT WARNING * * *
You barely miss the ice beast.
The ice beast is almost dead.
The ice beast hits you.
* * * LOW HITPOINT WARNING * * *
The ice beast freezes you!
You die...

.... .>
.......
...#.#.
.....#.
..... ...
#.## #.<#
#.@#
.......Y#
........#
........#
....#...#
...##...#
### #....
#.###


You could see an ice beast.

Vanquished Creatures
  2 yaks (D:5)
  A necrophage (D:5)
  A gnoll bouda (D:5)
  2 hounds (D:5)
  3 iguanas
  Terence (D:3)
  An orc wizard (D:3)
  4 gnolls (D:5)
  2 adders
  2 worms (D:3)
  A dart slug (D:1)
  6 orcs
  9 ball pythons
  3 bats
  6 endoplasms
  2 giant cockroaches
  4 goblins
  4 hobgoblins
  4 jackals (D:1)
  6 kobolds
  2 frilled lizards (D:1)
  8 rats
74 creatures vanquished.

Notes
Turn   | Place    | Note
-------+----------+-------------------------------------------
     0 | D:1      | hikkokomori the Human Berserker began the quest for the
                  | Orb.
     0 | D:1      | Reached XP level 1. HP: 18/18 MP: 1/1
     4 | D:1      | Noticed a minotaur skeleton
    80 | D:1      | Reached XP level 2. HP: 9/24 MP: 2/2
   384 | D:1      | You fall into a shaft and drop 1 floor!
   516 | D:2      | Reached XP level 3. HP: 13/29 MP: 3/3
   970 | D:1      | Reached ** piety under Trog
  1136 | D:1      | Reached XP level 4. HP: 33/35 MP: 4/4
  1213 | D:1      | Found Jahiakia's General Store.
  1220 | D:1      | Bought a scroll of identify for 28 gold pieces
  1748 | D:3      | Found the +1 Delatra's gloves {ID++}
  1927 | D:3      | Noticed Terence
  1940 | D:3      | Killed Terence
  1941 | D:3      | Reached XP level 5. HP: 38/42 MP: 5/5
  1955 | D:3      | Found a shadowy altar of Dithmenos.
  2019 | D:3      | Found Otreq's Magic Scroll Shoppe.
  2972 | D:4      | Reached XP level 6. HP: 17/48 MP: 6/6
  3707 | D:5      | Entered Level 5 of the Dungeon
  3977 | D:5      | Found a staircase to the Ecumenical Temple.
  4031 | D:5      | Identified the +8 whip of the End {elec, rPois rCorr Str-4}
  4186 | D:5      | Reached *** piety under Trog
  4187 | D:5      | Reached XP level 7. HP: 5/55 MP: 7/7
  4459 | D:5      | Noticed a yak
  4459 | D:5      | Noticed a yak
  4468 | D:5      | Killed a yak
  4469 | D:5      | Noticed a yak
  4470 | D:5      | Noticed a yak
  4484 | D:5      | Noticed a yak
  4488 | D:5      | Killed a yak
  4489 | D:5      | Reached skill level 5 in Fighting
  4489 | D:5      | Reached skill level 5 in Axes
  4489 | D:5      | Reached XP level 8. HP: 18/62 MP: 8/8
  4862 | D:6      | Slain by an ice beast

Illustrated notes

Levels and vault maps discovered:
D:1:      shiori_arrival_whats_in_store_for_you, layout_loops_corners,
          serial_shops, shop, minmay_hexomino_p4
D:2:      layout_rooms, amcnicky_mini_pool_small
D:3:      layout_loops_corners, grunt_dithmenos_smoke_and_mirrors, serial_shops,
          nicolae_shop_trees, pf_guarded_unrand_delatra, uniq_terence
D:4:      layout_layer_cave, minivault_27
D:5:      layout_basic, temple_statues
D:6:      layout_basic, kennysheep_mini, overflow_temple_1_default,
          serial_glass, glass_columns_a, glass_columns_a, item_on_display_a

Skill      XL: |  1  2  3  4  5  6  7 |
---------------+----------------------+-----
Armour         | 3 4 |  4.4
Dodging        | 3 4 |  4.4
Axes           | 4 5 |  5.1
Fighting       | 4 5 |  5.0

Action                   |  1- 3 |  4- 6 |  7- 9 || total
-------------------------+-------+-------+-------++-------
Melee: Hand axe          |   112 |   189 |    56 ||   357
       Punch             |       |     1 |     2 ||     3
Invok: Berserk           |     1 |     2 |     1 ||     4
       Trog's Hand       |       |       |     1 ||     1
  Use: Scroll            |       |     3 |     1 ||     4
       Potion            |       |       |     3 ||     3
Armor: Animal skin       |     5 |       |       ||     5
       Chain mail        |    28 |    95 |    24 ||   147
Dodge: Dodged            |    61 |    73 |    17 ||   151

Table legend: (Time is in decaauts)
 A = Elapsed time spent in this place.
 B = Non-inter-level travel time spent in this place.
 C = Inter-level travel time spent in this place.
 D = Time resting spent in this place.
 E = Time spent auto-exploring this place.
 F = Levels seen in this place.
 G = Mean time per level.
                   A        B        C        D        E       F      G
               +--------+--------+--------+--------+--------+-----+--------+
         Total |   4913 |   4791 |    122 |    482 |   3539 |   6 |  818.8 |
       Dungeon |   4913 |   4791 |    122 |    482 |   3539 |   6 |  818.8 |
               +--------+--------+--------+--------+--------+-----+--------+

Top non-repeatable levels by time:
     D:4: 1387 daAuts
     D:5: 1137 daAuts
     D:1: 1117 daAuts
     D:3: 1021 daAuts
     D:2: 230 daAuts
     D:6: 20 daAuts
